 Dungeon Crawl Stone Soup version 0.31.0-12-g77e489cdc1 (webtiles) character file.

Game seed: 12031478943253124088

665 Doomgape the Trooper (level 7, -1/46 HPs)
             Began as a Gargoyle Fighter on Feb 17, 2024.
             Slain by an orc wizard
             ... wielding a +0 dagger
              (2 damage)
             ... on level 5 of the Dungeon.
             The game lasted 00:07:38 (3294 turns).

Doomgape the Trooper (Gargoyle Fighter)             Turns: 3294, Time: 00:07:38

Health: -1/46      AC: 14    Str: 21    XL:     7   Next: 57%
Magic:  7/7        EV:  8    Int:  9    God:
Gold:   256        SH:  4    Dex:  9    Spells: 6/6 levels left

rFire   . . .        a - +1 flail
rCold   . . .        c - +0 buckler
rNeg    + . .        l - +0 chain mail
rPois   ∞            (no helmet)
rElec   +            (no cloak)
rCorr   .            (no gloves)
SInv    .            (no boots)
Will    .....        (no amulet) Stlth
                     (no ring)
HPRegen 0.27/turn    (no ring)
MPRegen 0.10/turn

%: no passive effects
@: about to teleport
A: sickness immunity, AC +4, negative energy resistance 1, electricity
resistance, torment resistance 1, petrification resistance
a: no special abilities


You were on level 5 of the Dungeon.
You visited 1 branch of the dungeon, and saw 5 of its levels.

You collected 256 gold pieces.

Inventory:

Hand Weapons
 a - a +1 flail (weapon)
Missiles
 s - 6 javelins (quivered)
Armour
 c - a +0 buckler (worn)
 l - a +0 chain mail (worn)
Jewellery
 i - an amulet of magic regeneration
Wands
 u - a wand of digging (5)
Scrolls
 b - a scroll of enchant weapon
 g - 4 scrolls of identify
 j - a scroll of immolation {unknown}
 k - a scroll of vulnerability {unknown}
 n - a scroll of blinking {unknown}
 o - 2 scrolls of revelation
 p - a scroll of silence {unknown}
 q - a scroll of brand weapon {unknown}
 r - a scroll of fog {unknown}
 t - a scroll of noise {unknown}
Potions
 d - a potion of enlightenment {unknown}
 e - a potion of resistance
 f - 2 potions of brilliance
 m - a potion of attraction {unknown}
 v - a potion of haste {unknown}


   Skills:
 + Level 6.1 Fighting
 + Level 4.9 Maces & Flails
 + Level 6.0 Armour
 - Level 3.2 Shields


You had 6 spell levels left.
You didn't know any spells.
Your spell library contained the following spells:

 Spells                   Type           Power      Damage    Failure   Level
 Summon Small Mammal      Summ           0%         N/A       97%         1


Dungeon Overview and Level Annotations

Branches:
Dungeon (5/15)
 Temple: D:4-7

Altars:
Cheibriados
Elyvilon
Wu Jian

Shops:
D:1 *?[[

Annotations:
D:5 Prince Ribbit


Innate Abilities, Weirdness & Mutations

You are immune to sickness and miasma.
Your stone body is resilient. (AC +4)
You are immune to poison.
You resist negative energy. (rN+)
You are resistant to electric shocks. (rElec)
You are resistant to unholy torment.
You are immune to petrification.


Message History

The puff of flame hits you. The orc wizard casts a spell at you.
The puff of flame hits you.
You barely miss the orc wizard.
Prince Ribbit blinks!
Something hits you but does no damage.
Unknown command.
You barely miss the orc wizard.
You hear some strange, mumbled words.
A puff of flame appears from out of thin air!
The puff of flame hits you.
The orc wizard hits you but does no damage.
You block the orc priest's attack.
Unknown command.
You closely miss the orc priest. Prince Ribbit barely misses you.
Something hits you but does no damage. The orc wizard barely misses you.
The orc priest mumbles some strange prayers to Beogh against you.
You struggle to resist.
Prince Ribbit hits you but does no damage.
Unknown command.
You barely miss the orc priest. Something hits you but does no damage.
The orc priest looks satisfied for a moment.
The orc wizard mumbles some strange words.
The orc wizard flickers and vanishes!
Prince Ribbit hits you!
* * * LOW HITPOINT WARNING * * *
You block the orc priest's attack. Something hits you.
* * * LOW HITPOINT WARNING * * *
Something hits you but does no damage.
You barely miss the orc priest. Prince Ribbit hits you!
* * * LOW HITPOINT WARNING * * *
Prince Ribbit hits you but does no damage.
The orc priest closely misses you. Something hits you.
* * * LOW HITPOINT WARNING * * *
Something hits you.
* * * LOW HITPOINT WARNING * * *
Unknown command.
Unknown command.
As you read the scroll of teleportation, it crumbles to dust.
You feel strangely unstable. You block Prince Ribbit's attack.
Something hits you.
You die...

##.#.###.....##..
#.#.............
#...#......##...#
#...#..§≈..##...#.
#..#...≈§|.......#
#..#...§§§.......#
#..#......_..♣♣...
#. #..≈≈.F...♣♣..#
#..≈≈@{.......
...#..{o.##....#
..#.....# ....#
..#...!. .....
.....##.... ####
..... .##### . ..
. ... .


You could see Prince Ribbit and an orc priest.

Vanquished Creatures
  A water moccasin (D:4)
  A black bear (D:4)
  A phantom (D:5)
  A scorpion (D:4)
  A bombardier beetle (D:2)
  A hound (D:4)
  A jelly (D:4)
  A sleepcap (D:4)
  Natasha (twice) (D:3)
  An iguana (D:5)
  5 adders
  5 ribbon worms
  4 dart slugs
  6 orcs
  5 ball pythons
  4 bats
  5 endoplasms
  4 giant cockroaches
  7 hobgoblins
  4 jackals (D:1)
  A quokka (D:1)
  8 goblins
  8 kobolds
  2 rats
79 creatures vanquished.

Notes
Turn   | Place    | Note
-------+----------+-------------------------------------------
     0 | D:1      | Doomgape the Gargoyle Fighter began the quest for the Orb.
     0 | D:1      | Reached XP level 1. HP: 14/14 MP: 1/1
    96 | D:1      | Reached XP level 2. HP: 19/19 MP: 2/2
   288 | D:1      | Found Ofeqaunk's General Store.
   325 | D:1      | Found Gempiwnev's Magic Scroll Shoppe.
   420 | D:1      | Found a faded altar of an unknown god.
   425 | D:1      | Got Plato's Atlas of Summoning
   493 | D:1      | Found Veerchyi's Armour Emporium.
   497 | D:1      | Reached XP level 3. HP: 24/24 MP: 3/3
   560 | D:1      | Found Xeyriox's Armour Shop.
   957 | D:2      | Identified the +6 flail of Laceration {flame, rPois}
  1227 | D:2      | Reached XP level 4. HP: 27/29 MP: 4/4
  1327 | D:2      | Reached XP level 5. HP: 34/34 MP: 5/5
  1637 | D:3      | Noticed Natasha
  1651 | D:3      | Killed Natasha
  1722 | D:3      | Found a white marble altar of Elyvilon.
  1862 | D:3      | Noticed Natasha
  1868 | D:3      | Killed Natasha
  1893 | D:3      | Found a snail-covered altar of Cheibriados.
  2428 | D:4      | Reached skill level 5 in Fighting
  2428 | D:4      | Reached skill level 5 in Armour
  2428 | D:4      | Reached XP level 6. HP: 33/40 MP: 6/6
  2495 | D:4      | Noticed a water moccasin
  2526 | D:4      | Killed a water moccasin
  2707 | D:4      | Reached XP level 7. HP: 17/44 MP: 7/7
  3203 | D:5      | Entered Level 5 of the Dungeon
  3244 | D:5      | Found an ornate altar of the Wu Jian Council.
  3282 | D:5      | Noticed Prince Ribbit
  3293 | D:5      | HP: 2/46 [something (2)]
  3294 | D:5      | Slain by an orc wizard

Illustrated notes

Levels and vault maps discovered:
D:1:      shiori_arrival_maze, layout_basic,
          shapermc_ecumenical_altar_rom_forum, serial_shops,
          nicolae_shop_real_fake_doors, nicolae_shop_tiny_glass,
          nicolae_shop_waterfront, shop_coins
D:2:      layout_basic, kennysheep_potato
D:3:      layout_loops_ring, lemuel_tele_altar, kennysheep_slug_shrine,
          uniq_natasha
D:4:      layout_loops_ring, minmay_misc_feat_cross
D:5:      layout_basic, mainiacjoe_overflow_alcove_2, tso_oasis_becter,
          nicolae_wu_jian_wuxing_cycle, fedhas_altar_decomposition,
          nicolae_fountain_basement, uniq_prince_ribbit1, uniq_duvessa,
          uniq_sigmund

Skill      XL: |  1  2  3  4  5  6  7 |
---------------+----------------------+-----
Fighting       | 4 5 6 |  6.1
Armour         | 4 5 6 |  6.0
Maces & Flails | 3 4 |  4.9
Shields        | |  3.2

Action                     |  1- 3 |  4- 6 |  7- 9 || total
---------------------------+-------+-------+-------++-------
  Melee: Flail             |   118 |   180 |    62 ||   360
    Use: Scroll            |     2 |     2 |     1 ||     5
         Potion            |       |     3 |       ||     3
 Armour: Scale mail        |    95 |       |       ||    95
         Chain mail        |    18 |   180 |    64 ||   262
  Dodge: Dodged            |    59 |    95 |    24 ||   178
  Block: Buckler           |    25 |    35 |    12 ||    72
